 Dungeon Crawl Stone Soup version 0.27.1-2-g3b301248ec (webtiles) character file.

Game seed: 12173012152820495110

18 Brontok the Skirmisher (level 2, -4/20 HPs)
             Began as a Gargoyle Monk on Oct 5, 2021.
             Slain by a worm (6 damage)
             ... on level 2 of the Dungeon.
             The game lasted 00:04:59 (1931 turns).

Brontok the Skirmisher (Gargoyle Monk)              Turns: 1931, Time: 00:05:00

Health: -4/20      AC:  8    Str: 14    XL:     2   Next: 70%
Magic:  2/2        EV:  9    Int: 10    God:
Gold:   45         SH:  0    Dex: 12    Spells: 1/1 levels left

rFire    . . .     SeeInvis .   a - +0 mace
rCold    . . .     Faith    .   (no shield)
rNeg     + . .     Spirit   .   d - +0 scale mail
rPois    ∞         Reflect  .   (no helmet)
rElec    +         Harm     .   (no cloak)
rCorr    .         Rampage  .   (no gloves)
Will     .....                  (no boots)
Stlth    +.........             (no amulet)
HPRegen  0.06/turn              (no ring)
MPRegen  0.08/turn              (no ring)

@: no status effects
A: sickness immunity, AC +2, negative energy resistance 1, electricity
resistance, torment resistance 1, petrification resistance
a: no special abilities


You were on level 2 of the Dungeon.
You visited 1 branch of the dungeon, and saw 2 of its levels.

You collected 45 gold pieces.

Inventory:

Hand Weapons
 a - a +0 mace (weapon)
Armour
 b - a +0 robe
 c - a +0 leather armour
 d - a +0 scale mail (worn)
Jewellery
 g - a ring of protection from fire
Scrolls
 e - a scroll of blinking {unknown}
Potions
 f - a potion of curing {unknown}
 h - a potion of haste {unknown}


   Skills:
 * Level 3.8 Fighting
 * Level 3.4 Maces & Flails
 - Level 2.4 Dodging
 - Level 2.1 Stealth


You had one spell level left.
You didn't know any spells.
Your spell library was empty.

Dungeon Overview and Level Annotations

Branches:
Dungeon (2/15)

Altars:


Innate Abilities, Weirdness & Mutations

You are immune to sickness and miasma.
Your stone body is resilient. (AC +2)
You are immune to poison.
You resist negative energy. (rN+)
You are resistant to electric shocks. (rElec)
You are resistant to unholy torment.
You are immune to petrification.


Message History

There is a stone staircase leading up here.
A ball python comes into view.
The goblin closely misses you.
You barely miss the goblin. The goblin hits you but does no damage.
You miss the goblin. The ball python completely misses you.
The ball python grabs you. The ball python constricts you.
The goblin hits you but does no damage.
You hit the goblin.
The goblin is severely wounded.
The ball python barely misses you. The ball python constricts you.
The goblin hits you with a +0 dagger.
You sock the goblin!
You kill the goblin!
The ball python bites you but does no damage.
The ball python constricts you.
A worm comes into view.
The ball python barely misses you. The ball python constricts you.
You hit the ball python but do no damage.
The ball python bites you but does no damage.
The ball python constricts you.
You hit the ball python.
You kill the ball python!
You climb upwards.
There is a stone staircase leading down here.
You start resting.
HP restored.
You can't go up here!
You climb downwards.
The worm bites you!
There is a stone staircase leading up here.
You hit the worm.
The worm is moderately wounded.
The worm bites you.
You hit the worm.
The worm is heavily wounded.
You hit the worm.
The worm is heavily wounded.
The worm bites you!
* * * LOW HITPOINT WARNING * * *
The worm bites you.
You die...

... ## .. ..
.###.. .
...... .#
......###. #
<........ #.#
........#...#
#.)@.>..#
#..†w#.##
....#....
#####.....#
..##.# #.##
.# #. # ..


You could see a worm.

Vanquished Creatures
  A dart slug (D:1)
  5 ball pythons
  An endoplasm (D:1)
  4 goblins
  A quokka (D:1)
  A bat (D:1)
  2 frilled lizards (D:1)
  A kobold (D:1)
  A rat (D:1)
17 creatures vanquished.

Notes
Turn   | Place    | Note
-------+----------+-------------------------------------------
     0 | D:1      | Brontok the Gargoyle Monk began the quest for the Orb.
     0 | D:1      | Reached XP level 1. HP: 14/14 MP: 1/1
  1104 | D:1      | Reached XP level 2. HP: 19/19 MP: 2/2
  1931 | D:2      | Slain by a worm

Illustrated notes

Levels and vault maps discovered:
D:1:      dpeg_arrival_central, layout_basic
D:2:      minmay_chambers_of_twos, layout_rooms,
          shapermc_ecumenical_altar_pompeii

Action                   || total
-------------------------++-------
Melee: Mace              ||    58
Armor: Robe              ||     3
       Scale mail        ||    24
Dodge: Dodged            ||    26
